 Dungeon Crawl Stone Soup version 0.23.2-33-g5129a83184 (webtiles) character file.

Game seed: 5513971534970511195

3175 Gwenloh the Nimble (level 9, -4/43 HPs)
             Began as a Spriggan Abyssal Knight on Feb 24, 2019.
             Was an Elder of Lugonu.
             Slain by Psyche
             ... wielding a +0 dagger of chaos
              (8 damage)
             ... on level 8 of the Dungeon on July 4, 2019.
             The game lasted 00:56:19 (12733 turns).

Gwenloh the Nimble (Spriggan Abyssal Knight)       Turns: 12733, Time: 00:56:20

Health: -4/43      AC:  3    Str:  8    XL:     9   Next: 63%
Magic:  13/14      EV: 26    Int: 13    God:    Lugonu [****..]
Gold:   360        SH:  0    Dex: 19    Spells: 8/8 levels left

rFire    . . .     SeeInvis +   a - +2 short sword
rCold    . . .     Gourm    .   (shield restricted)
rNeg     . . .     Faith    .   s - +1 robe
rPois    .         Spirit   .   (helmet restricted)
rElec    .         Reflect  .   (no cloak)
rCorr    .         Harm     .   (gloves unavailable)
MR       +....                  (boots unavailable)
Stlth    ++++......             (no amulet)
HPRegen  0.14/turn              (no ring)
MPRegen  0.14/turn              (no ring)

@: lightly drained, very quick
A: very small, unfitting armour, see invisible, herbivore, speed 3, slow
metabolism 2
a: Depart the Abyss, Bend Space, Banish, Corrupt, Renounce Religion


You were on level 8 of the Dungeon.
You worshipped Lugonu.
Lugonu was greatly pleased with you.
You were near starving.

You visited 1 branch of the dungeon, and saw 8 of its levels.
You visited the Abyss 1 time.

You collected 360 gold pieces.

Inventory:

Hand Weapons
 a - a +2 short sword (weapon)
 b - a +0 hunting sling
Missiles
 e - 132 stones (quivered)
 l - 43 sling bullets
Armour
 s - a +1 robe (worn)
Jewellery
 y - an uncursed ring of resist corrosion {unknown}
Wands
 t - a wand of scattershot (4)
 B - a wand of paralysis (3)
Scrolls
 g - 3 scrolls of teleportation
 h - a scroll of holy word {unknown}
 n - 8 scrolls of remove curse
 o - a scroll of magic mapping
 q - a scroll of blinking
Potions
 d - a potion of flight {unknown}
 f - a potion of brilliance
 j - 3 potions of might
 k - 2 potions of heal wounds
 p - a potion of agility
 r - 2 potions of curing
 v - a potion of haste
 x - a potion of cancellation
 z - a potion of degeneration {unknown}
 A - a potion of resistance {unknown}
 C - a potion of mutation {unknown}
Comestibles
 c - a ration


   Skills:
 - Level 2.4(2.2) Fighting
 + Level 7.1(6.9) Short Blades
 + Level 6.4(6.3) Slings
 + Level 9.5(9.3) Dodging
 + Level 9.5(9.3) Stealth
 + Level 6.4(6.2) Invocations


You had 8 spell levels left.
You didn't know any spells.
Your spell library contained the following spells:

 Spells                   Type           Power        Failure   Level  Hunger
 Beastly Appendage        Tmut           #.....       30%         1    ##.....
 Flame Tongue             Conj/Fire      #....        30%         1    ##.....
 Infusion                 Chrm           #...         30%         1    ##.....
 Shroud of Golubria       Chrm/Tloc      #.........   43%         2    ###....
 Song of Slaying          Chrm           #.......     43%         2    ###....
 Sticks to Snakes         Tmut           #.......     43%         2    ###....
 Throw Flame              Conj/Fire      #.....       43%         2    ###....
 Conjure Flame            Conj/Fire      #.......     67%         3    ####...
 Inner Flame              Hex/Fire       #.......     67%         3    ####...
 Regeneration             Chrm/Necr      #.........   67%         3    ####...
 Spectral Weapon          Hex/Chrm       #.......     67%         3    ####...
 Spider Form              Tmut/Pois      #.........   67%         3    ####...
 Ice Form                 Ice/Tmut       #.......     97%         4    #####..
 Sticky Flame             Conj/Fire      #.......     97%         4    #####..
 Blade Hands              Tmut           #.........   100%        5    ######.
 Fireball                 Conj/Fire      #.........   100%        5    ######.


Dungeon Overview and Level Annotations

Branches:
Dungeon (8/15)             Temple (0/1) D:6
   Lair: D:8-11

Altars:
Elyvilon
Hepliaklqana
Okawaru
Qazlal
Ru
Sif Muna
Wu Jian
Xom
Zin

Annotations:
D:5 Sigmund
D:8 Psyche


Innate Abilities, Weirdness & Mutations

You are very small and have problems with some larger weapons.
You are too small for most types of armour.
You have supernaturally acute eyesight. (SInv)
You are a herbivore.
You cover ground extremely quickly.
You need to consume almost no food.


Message History

You are too injured to fight recklessly!
You puncture Psyche!
Psyche is moderately wounded.
Psyche misses you.
You closely miss Psyche.
Psyche is moderately wounded.
Psyche casts a spell at you. The puff of frost hits you!
* * * LOW HITPOINT WARNING * * *
Psyche hits you with a +0 dagger of chaos.
* * * LOW HITPOINT WARNING * * *
You see here 8 poisoned needles.
Psyche points at you and mumbles some strange words.
The magic dart hits you.
* * * LOW HITPOINT WARNING * * *
Found a glowing flail.
There is an escape hatch in the ceiling here.
Psyche misses you.
Psyche hits you with a +0 dagger of chaos!
You die...

#..# #..#
#.O# #..#
#..# #..#
######..#
........@#
#######.@#
#..# #.#
....# #.#
#.#.## #.#
#)#.# #.#
# #.# #.#
#. #.# ..
#.# #####
##.##


You could see Psyche and an ogre.

Vanquished Creatures
  Grinder (D:6)
  A hungry ghost (D:4)
  A water moccasin (D:7)
  An orc warrior (D:6)
  2 phantoms
  8 ogres
  2 centaurs
  3 bullfrogs
  A wyvern skeleton (D:6)
  A scorpion (D:6)
  4 wights
  2 howler monkeys
  3 crimson imps
  A centaur zombie (D:7)
  3 hounds
  An orc priest (D:6)
  2 bullfrog skeletons
  2 jellies
  Jessica (D:2)
  Ijyb (D:5)
  4 iguanas
  4 orc wizards (D:6)
  3 worker ants
  A hound skeleton (D:7)
  8 gnolls
  10 adders
  2 shadow imps
  5 adder skeletons
  2 dart slugs (D:3)
  5 leopard geckos
  20 orcs
  7 ball pythons
  A bat (D:1)
  5 giant cockroaches
  7 goblins
  8 hobgoblins
  8 jackals
  4 kobolds
  A quokka (D:5)
  5 frilled lizards
  A jackal skeleton (D:5)
  2 leopard gecko skeletons
  A quokka zombie (D:8)
  7 rats
162 creatures vanquished.

Vanquished Creatures (others)
  A centaur (D:7)
  A phantom (D:5)
2 creatures vanquished.

Grand Total: 164 creatures vanquished

Notes
Turn   | Place    | Note
-------+----------+-------------------------------------------
     0 | Abyss:1  | Gwenloh the Spriggan Abyssal Knight began the quest for the
                  | Orb.
     0 | Abyss:1  | Reached XP level 1. HP: 11/11 MP: 3/3
     6 | D:1      | Escaped the Abyss
   139 | D:1      | Reached skill level 1 in Stealth
   159 | D:1      | Reached XP level 2. HP: 16/16 MP: 4/4
   548 | D:1      | Reached ** piety under Lugonu
  1249 | D:2      | Reached XP level 3. HP: 19/19 MP: 5/5
  1328 | D:2      | Found a sacrificial altar of Ru.
  1459 | D:2      | Noticed Jessica
  1467 | D:2      | Killed Jessica
  1467 | D:2      | Reached XP level 4. HP: 9/23 MP: 6/6
  2952 | D:3      | Upgraded the game from 0.23.0-3-gf3c87f2 to
                  | 0.23.2-1-ga50397a
  2993 | D:3      | Noticed an ogre
  3038 | D:3      | Killed an ogre
  3038 | D:3      | Reached skill level 5 in Dodging
  3038 | D:3      | Reached XP level 5. HP: 27/27 MP: 8/8
  3806 | D:4      | Reached XP level 6. HP: 26/32 MP: 9/9
  3966 | D:4      | Reached skill level 1 in Slings
  4067 | D:4      | Noticed a hungry ghost
  4124 | D:4      | Killed a hungry ghost
  4124 | D:4      | Reached skill level 5 in Stealth
  4328 | D:4      | Reached XP level 7. HP: 33/35 MP: 10/10
  4611 | D:4      | Reached *** piety under Lugonu
  4665 | D:4      | Found a deep blue altar of Sif Muna.
  5368 | D:5      | Entered Level 5 of the Dungeon
  5549 | D:5      | Reached skill level 5 in Short Blades
  6368 | D:5      | Found an ornate altar of the Wu Jian Council.
  6376 | D:5      | Found an iron altar of Okawaru.
  6624 | D:5      | Noticed Sigmund
  7167 | D:5      | Noticed Ijyb
  7226 | D:5      | Killed Ijyb
  7226 | D:5      | Reached XP level 8. HP: 24/39 MP: 12/12
  7718 | D:5      | Found a shimmering altar of Xom.
  7718 | D:5      | Found a stormy altar of Qazlal.
  7725 | D:5      | Found a hazy altar of Hepliaklqana.
  7783 | D:5      | Found a glowing silver altar of Zin.
  7783 | D:5      | Noticed an angel
  7982 | D:5      | Reached skill level 5 in Invocations
  8674 | D:5      | Upgraded the game from 0.23.2-1-ga50397a to
                  | 0.23.2-33-g5129a83184
  9320 | D:6      | Reached skill level 5 in Slings
  9333 | D:6      | Noticed Grinder
  9337 | D:6      | Killed Grinder
  9350 | D:6      | Reached XP level 9. HP: 43/43 MP: 14/14
  9968 | D:6      | Reached **** piety under Lugonu
  9994 | D:6      | Found a staircase to the Ecumenical Temple.
 11540 | D:7      | Found a white marble altar of Elyvilon.
 12704 | D:8      | Noticed Psyche
 12733 | D:8      | Slain by Psyche

Skill      XL: |  1  2  3  4  5  6  7  8  9 |
---------------+----------------------------+-----
Stealth        | 1 2 4 5 6 8 9 |  9.5
Invocations    | 2 3 4 5 6 |  6.4
Dodging        | 4 5 6 7 8 9 |  9.5
Short Blades   | 3 4 5 6 7 |  7.1
Slings         | 2 3 5 6 |  6.4
Fighting       | |  2.4

Action                   |  1- 3 |  4- 6 |  7- 9 || total
-------------------------+-------+-------+-------++-------
Melee: Short sword       |    81 |   177 |   567 ||   825
       Hunting sling     |       |       |     3 ||     3
 Fire: Hunting sling     |       |   132 |   479 ||   611
Throw: Stone             |    11 |    21 |       ||    32
Invok: Bend Space        |       |       |     4 ||     4
       Banish            |       |       |     2 ||     2
Evoke: Wand              |       |       |     3 ||     3
  Use: Scroll            |       |     1 |    15 ||    16
 Stab: Sleeping          |     5 |     3 |     7 ||    15
       Distracted        |       |       |     3 ||     3
  Eat: Ration            |       |     1 |     4 ||     5
Armor: Robe              |     6 |     7 |    24 ||    37
Dodge: Dodged            |    58 |   154 |   504 ||   716
